 Dungeon Crawl Stone Soup version 0.30-a0-586-g23e55c9e0a (webtiles) character file.

Game seed: 13325264951980458521

644 Shayle the Trooper (level 7, 19/54 HPs)
             Began as a Demonspawn Reaver on Jan 3, 2023.
             Quit the game on level 5 of the Dungeon.
             The game lasted 00:10:10 (3829 turns).

Shayle the Trooper (Demonspawn Reaver)              Turns: 3829, Time: 00:10:11

Health: 19/54      AC:  6    Str: 12    XL:     7   Next: 27%
Magic:  7/10       EV: 13    Int: 17    God:
Gold:   192        SH:  4    Dex: 11    Spells: 4/10 levels left

rFire   . . .      SeeInvis .    m - +1 dagger (drain)
rCold   . . .      Faith    .    (no shield)
rNeg    + . .      Spirit   +    s - +1 robe {rN+}
rPois   .          Reflect  .    h - +1 hat
rElec   .          Harm     .    w - +1 cloak
rCorr   .          Rampage  .    (no gloves)
Will    .....                    (no boots) Stlth
                                 (no amulet)
HPRegen 0.29/turn                (no ring)
MPRegen 0.24/turn                (no ring)

@: silenced, on berserk cooldown, hasted, very quick
A: horns 1, large bone plates 1, ignite blood 1, magic shield, magic
regeneration
a: no special abilities


You were on level 5 of the Dungeon.
You visited 1 branch of the dungeon, and saw 5 of its levels.

You collected 192 gold pieces.

Inventory:

Hand Weapons
 a - a +0 spear
 l - a +0 morningstar
 m - a +1 dagger of draining (weapon)
Armour
 b - a +0 leather armour
 h - a +1 hat (worn)
 s - a +1 robe of positive energy (worn)
 w - a +1 cloak (worn)
Wands
 t - a wand of flame (16)
Scrolls
 c - a scroll of poison
 d - 2 scrolls of vulnerability
Potions
 e - 2 potions of degeneration
 f - a potion of attraction {unknown}
 g - a potion of curing
 i - a potion of lignification {unknown}
 k - 2 potions of haste
 o - a potion of heal wounds {unknown}
 p - a potion of flight {unknown}
 q - a potion of might {unknown}
 v - 2 potions of cancellation


   Skills:
 + Level 4.2 Fighting
 - Level 2.6 Polearms
 + Level 3.7 Dodging
 - Level 2.0 Spellcasting
 + Level 3.4 Conjurations
 + Level 3.9 Necromancy
 + Level 1.2 Air Magic
 + Level 3.1 Earth Magic


You had 4 spell levels left.
You knew the following spells:

 Your Spells              Type           Power      Damage    Failure   Level
a - Kiss of Death         Conj/Necr      56%        2d9       4%          1
b - Arcjolt               Conj/Air       4%         1d14      90%         5

Your spell library contained the following spells:

 Spells                   Type           Power      Damage    Failure   Level
 Momentum Strike          Conj/Tloc      14%        3d8       14%         2
 Hailstorm                Conj/Ice       7%         3d4       28%         3
 Vhi's Electric Charge    Tloc/Air       6%         N/A       41%         3
 Maxwell's Capacitive Co  Air            2%         ∞         100%        8


Dungeon Overview and Level Annotations

Branches:
Dungeon (5/15)
 Temple: D:4-7

Altars:
Fedhas

Shops:
D:4 *

Annotations:
D:4 Natasha


Innate Abilities, Weirdness & Mutations

You have a pair of small horns on your head.
You are partially covered in large bone plates. (SH +4)
Your demonic aura sometimes causes spilled blood to erupt in flames.
When hurt, damage is shared between your health and your magic reserves.
You regenerate magic rapidly.


Message History

The gnoll hits you from afar with a +0 spear.
Hit: m) +1 dagger (drain)
Press: ? - help, Dir - move target, f - you
Okay, then.
Aiming: Throw Flame
Press: ? - help, Shift-Dir - straight line, f - gnoll
Aim: a gnoll, wielding a +0 spear (silenced, inner flame, 72% to hit)
The puff of flame hits Grinder.
Flame seeps out of Grinder.
Grinder is lightly wounded.
Grinder is engulfed in blazing flames.
Flame seeps out of Grinder.
Grinder gestures at you. Pain shoots through your body!
You feel yourself speed up. Grinder gestures at you.
You barely resist.
Found a club.
Grinder blinks!
Aiming: Throw Flame
Press: ? - help, Shift-Dir - straight line, f - Grinder
Aim: Grinder (silenced, moderately wounded, inner flame, unaffected by silence, 64% to hit)
The puff of flame hits Grinder!
Flame seeps out of Grinder.
Grinder is heavily wounded.
Aiming: Throw Flame
Press: ? - help, Shift-Dir - straight line, f - you, p - Grinder That beam is likely to hit you.
Continue anyway?
Okay, then.
Okay, then.
Aiming: Throw Flame
Press: ? - help, Shift-Dir - straight line, f - Grinder
Aim: Grinder (flame, silenced, heavily wounded, inner flame, unaffected by silence, 64% to hit)
The puff of flame hits Grinder.
Flame seeps out of Grinder.
Grinder is severely wounded.
Grinder is engulfed in blazing flames.
Grinder explodes!
Your Fighting skill increases to level 4!
Your Air Magic skill increases to level 1!
Your Earth Magic skill increases to level 3!
You have reached level 7!
Your demonic ancestry asserts itself...
A pair of horns grows on your head!
Are you sure you want to abandon this character and quit the game? (Confirm with "yes".)

...# ..## . #..## . ..#
#...###.. .....##
######........
#.).....###.g§..5.......
...........######.###..
.#..####§....###.#
#..@§°.###..##.##
#..###§.........# ##.
#..........#
#..$.#.........##
####.#..........#
.......)........#
.....#...........#
.....#...........# ....
#.........#$..


There were no monsters in sight!

Vanquished Creatures
  Grinder (D:5)
  Sigmund (D:2)
  2 hounds (D:4)
  An iguana (D:5)
  An orc wizard (D:4)
  8 adders
  3 gnolls
  6 orcs
  7 ball pythons
  11 endoplasms
  5 giant cockroaches
  5 goblins
  2 hobgoblins (D:3)
  5 bats (D:1)
  2 frilled lizards
  8 kobolds
  7 rats
75 creatures vanquished.

Notes
Turn   | Place    | Note
-------+----------+-------------------------------------------
     0 | D:1      | Shayle the Demonspawn Reaver began the quest for the Orb.
     0 | D:1      | Reached XP level 1. HP: 16/16 MP: 3/3
   165 | D:1      | Gained mutation: Your demonic aura sometimes causes spilled
                  | blood to erupt in flames. [demonic ancestry]
   165 | D:1      | Reached XP level 2. HP: 22/22 MP: 5/5
   293 | D:1      | Reached skill level 1 in Necromancy
   555 | D:1      | Reached skill level 1 in Earth Magic
   790 | D:2      | You fall into a shaft and drop 2 floors!
   874 | D:2      | Reached XP level 3. HP: 28/28 MP: 6/6
  1158 | D:2      | Gained mutation: You regenerate magic rapidly. [demonic
                  | ancestry]
  1158 | D:2      | Reached XP level 4. HP: 25/34 MP: 7/7
  1660 | D:2      | Noticed Sigmund
  1674 | D:2      | Killed Sigmund
  1675 | D:2      | Reached skill level 3 in Fighting
  1675 | D:2      | Gained mutation: When hurt, damage is shared between your
                  | health and your magic reserves. [demonic ancestry]
  1675 | D:2      | Reached XP level 5. HP: 27/41 MP: 8/8
  1675 | D:2      | Gained mutation: You are partially covered in large bone
                  | plates. (SH +4) [demonic ancestry]
  1675 | D:2      | Reached XP level 6. HP: 31/47 MP: 9/9
  1885 | D:3      | Found a blossoming altar of Fedhas.
  2947 | D:4      | HP: 1/48 [ogre/+0 giant club (21)]
  3382 | D:4      | Found Ajeful's Assorted Antiques.
  3382 | D:4      | Identified the +2 rapier of Yret {spect, Will++ Str+3 Dex+3
                  | SInv}
  3486 | D:4      | Learned a level 5 spell: Arcjolt
  3639 | D:4      | Noticed Natasha
  3762 | D:5      | Entered Level 5 of the Dungeon
  3777 | D:5      | Noticed Grinder
  3787 | D:5      | Paralysed by Grinder for 2 turns
  3828 | D:5      | Killed Grinder
  3829 | D:5      | Reached skill level 4 in Fighting
  3829 | D:5      | Reached skill level 1 in Air Magic
  3829 | D:5      | Gained mutation: You have a pair of small horns on your
                  | head. [demonic ancestry]
  3829 | D:5      | Reached XP level 7. HP: 19/54 MP: 7/10
  3829 | D:5      | Quit the game

Illustrated notes

Levels and vault maps discovered:
D:1:      dpeg_arrival_refuge, layout_loops_ring
D:2:      layout_loops_ring, uniq_sigmund
D:3:      layout_loops_corners, lemuel_doored_altar, hex_large
D:4:      wad_crossroads, layout_basic, serial_shops, shop, uniq_natasha
D:5:      layout_rooms, ebering_ghost_sewer_f, minmay_door_square, uniq_grinder

Skill      XL: |  1  2  3  4  5  6 |
---------------+-------------------+-----
Dodging        | 2 3 |  3.7
Necromancy     | 1 3 |  3.9
Earth Magic    | 1 2 3 |  3.1
Fighting       | 3 4 |  4.2
Air Magic      | 1 |  1.2
Polearms       | |  2.6
Spellcasting   | |  2.0
Conjurations   | |  3.4

Action                   |  1- 3 |  4- 6 |  7- 9 || total
-------------------------+-------+-------+-------++-------
Melee: Spear             |    76 |       |       ||    76
       Dagger            |    35 |   210 |       ||   245
       Punch             |     3 |     1 |       ||     4
Evoke: Wand              |       |     4 |       ||     4
  Use: Scroll            |       |    16 |       ||    16
       Potion            |       |     6 |       ||     6
 Stab: Sleeping          |       |     1 |       ||     1
Armor: Leather armour    |    42 |     5 |       ||    47
       Robe              |       |    50 |       ||    50
Dodge: Dodged            |    91 |   119 |       ||   210
Block: Other             |       |    36 |       ||    36

Table legend: (Time is in decaauts)
 A = Elapsed time spent in this place.
 B = Non-inter-level travel time spent in this place.
 C = Inter-level travel time spent in this place.
 D = Time resting spent in this place.
 E = Time spent auto-exploring this place.
 F = Levels seen in this place.
 G = Mean time per level.
                   A        B        C        D        E       F      G
               +--------+--------+--------+--------+--------+-----+--------+
         Total |   3816 |   3751 |     65 |    661 |   2021 |   5 |  763.2 |
       Dungeon |   3816 |   3751 |     65 |    661 |   2021 |   5 |  763.2 |
               +--------+--------+--------+--------+--------+-----+--------+

Top non-repeatable levels by time:
     D:3: 1146 daAuts
     D:2: 1052 daAuts
     D:4: 774 daAuts
     D:1: 770 daAuts
     D:5: 72 daAuts
